 Dungeon Crawl Stone Soup version 0.21-a0-140-g479285b (webtiles) character file.

86 Gorglomux the Skirmisher (level 4, -13/57 HPs)
             Began as a Hill Orc Arcane Marksman on July 21, 2017.
             Mangled by an ogre
             ... wielding a +0 giant spiked club
              (14 damage)
             ... on level 3 of the Dungeon.
             The game lasted 00:03:35 (2038 turns).

Gorglomux the Skirmisher (Hill Orc Arcane Marksman) Turns: 2038, Time: 00:03:36

Health: -13/57     AC: 22    Str: 13    XL:     4   Next: 50%
Magic:  5/5        EV:  2    Int: 13    God:
Gold:   111        SH:  0    Dex: 11    Spells: 4/5 levels left

rFire    . . .     SeeInvis .   b - +0 hand axe
rCold    . . .     Gourm    .   (no shield)
rNeg     + + +     Faith    .   (armour currently unavailable)
rPois    +         Spirit   .   (helmet currently unavailable)
rElec    .         Reflect  .   (cloak currently unavailable)
rCorr    .         Harm     .   (gloves currently unavailable)
MR       .....     NoTele   +   (boots currently unavailable)
Stlth    +.........             (no amulet)
HPRegen  0.19/turn              (no ring)
MPRegen  0.09/turn              (no ring)

@: tree-form, hasted, very quick
A: no striking features
a: no special abilities


You were on level 3 of the Dungeon.
You were not hungry.
You were a tree.
You visited 1 branch of the dungeon, and saw 3 of its levels.

You collected 111 gold pieces.

Inventory:

Hand Weapons
 a - a +0 shortbow
 b - a +0 hand axe (weapon)
Missiles
 d - 78 arrows
Armour
 D - a +0 scale mail (melded)
Scrolls
 j - 2 scrolls of enchant weapon {unknown}
 l - a scroll of magic mapping {unknown}
 A - 2 scrolls of teleportation {unknown}
 B - 5 scrolls of remove curse {unknown}
 C - a scroll of recharging {unknown}
 R - 2 scrolls of identify
Potions
 i - 2 potions of flight
Books
 c - a book of Debilitation

   Spells                             Type                      Level
   a - Corona                         Hexes                        1
   b - Slow                           Hexes                        2
   c - Inner Flame                    Hexes/Fire                   3
   d - Portal Projectile              Hexes/Translocation          3
   e - Cause Fear                     Hexes                        4
   f - Leda's Liquefaction            Hexes/Earth                  4
Comestibles
 f - 4 bread rations
 k - 7 fruits
 z - a meat ration
 T - 2 chunks of flesh
 U - a royal jelly


   Skills:
 + Level 3.5 Fighting
 + Level 3.2 Bows
 - Level 1.5 Dodging
 - Level 1.0 Spellcasting
 - Level 3.0 Hexes


You had 4 spell levels left.
You knew the following spells:

 Your Spells              Type           Power        Failure   Level  Hunger
a - Corona                Hex            #......      9%          1    ##.....


Dungeon Overview and Level Annotations

Branches:
Dungeon (3/15)

Altars:
Hepliaklqana
Zin

Annotations:
D:3 Natasha


Message History

You resist with some effort! butt - a +0 hand axe (weapon)
Butt aren'butt butt any items that you can evoke!
Butt, then!
Okay, then!
You dice the ogre like an onion!
The ogre is heavily wounded!
You cut Natasha but do no damage! Natasha claws you but does no damage!
The ogre barely misses you!
Unknown command!
You dice the ogre like an butt!
The ogre is heavily wounded!
You chop Natasha into pieces! Natasha claws you! * * * don't die
* * * Unknown command!
You barely miss the ogre!
The ogre is heavily wounded!
You open Natasha like a pillowcase!
The ogre butts you with a giant spiked club!!! rip

##### ...# ####.###
############
##..((..#####...♣h......
......(w<..w..#O########
##(##.#.#####...# .(
#.#)# ##### # #.#.# ..
####.#.###.#
##..........#
.........####
.#.##.....###


You could see an ogre, a worm and Natasha.

Vanquished Creatures
  2 adders
  An ooze (D:1)
  3 worms (D:2)
  4 dart slugs
  An orc (D:3)
  6 bats
  A giant cockroach (D:1)
  4 goblins (D:1)
  7 hobgoblins
  4 jackals (D:1)
  A quokka (D:2)
  A ball python (D:1)
  2 frilled lizards (D:1)
  3 kobolds
  5 rats
45 creatures vanquished.

Notes
Turn   | Place    | Note
-------+----------+-------------------------------------------
     0 | D:1      | Gorglomux the Hill Orc Arcane Marksman began the quest for the Orb.
     0 | D:1      | Reached XP level 1. HP: 16/16 MP: 2/2
   195 | D:1      | Reached XP level 2. HP: 18/24 MP: 3/3
   436 | D:1      | Reached XP level 3. HP: 30/30 MP: 4/4
  1155 | D:2      | Reached skill level 3 in Fighting
  1266 | D:2      | Reached XP level 4. HP: 38/38 MP: 5/5
  1323 | D:2      | Reached skill level 3 in Bows
  1643 | D:2      | Found a hazy altar of Hepliaklqana.
  1854 | D:2      | Found a glowing silver altar of Zin.
  2014 | D:3      | Noticed an ogre
  2031 | D:3      | Noticed Natasha
  2037 | D:3      | HP: 1/57 [Natasha (5)]
  2038 | D:3      | Mangled by an ogre

Vault maps used:
D:1:      sevenhm_arrival_forest_fort_small_4, serial_bayou_lagoon_a,
          minivault_27, kennysheep_another_room
D:2:      overflow_temple_1_default, zin_treasury
D:3:      nicolae_qazlal_style_of_elements, uniq_natasha

Skill      XL: |  1  2  3  4 |
---------------+-------------+-----
Bows           | 2 3 |  3.2
Fighting       | 2 3 |  3.5
Dodging        | |  1.5
Spellcasting   | |  1.0
Hexes          | |  3.0

Action                   |  1- 3 |  4- 6 || total
-------------------------+-------+-------++-------
Melee: Hand axe          |       |     3 ||     3
 Fire: Shortbow          |   132 |    46 ||   178
 Cast: Corona            |     1 |       ||     1
  Use: Scroll            |     1 |       ||     1
       Potion            |       |     2 ||     2
  Eat: Chunk             |     1 |     2 ||     3
Armor: Robe              |    11 |       ||    11
       Scale mail        |    19 |     6 ||    25
       Skin              |       |     2 ||     2
Dodge: Dodged            |    46 |     4 ||    50
